 Dungeon Crawl Stone Soup version 0.21.1-1-g345015fe64 (webtiles) character file.

10187 Fymir27 the Fighter (level 11, -1/141 HPs)
             Began as a Black Draconian Ice Elementalist on May 10, 2018.
             Was a Believer of Nemelex Xobeh.
             Slain by a slime creature (11 damage)
             ... on level 10 of the Dungeon on May 11, 2018.
             The game lasted 01:30:12 (16186 turns).

Fymir27 the Fighter (DrIE)                         Turns: 16186, Time: 01:30:14

Health: -1/141     AC: 11    Str: 15    XL:     11   Next: 32%
Magic:  29/29      EV: 15    Int: 21    God:    Nemelex Xobeh [**....]
Gold:   1199       SH:  0    Dex: 12    Spells: 8/22 levels left

rFire    . . .     SeeInvis .   p - +8 broad axe of the Extremely Mad {elec, Int+2}
rCold    . . .     Gourm    .   (no shield)
rNeg     . . .     Faith    .   (armour unavailable)
rPois    .         Spirit   .   (helmet restricted)
rElec    +         Reflect  .   (no cloak)
rCorr    .         Harm     .   M - +1 pair of gloves
MR       .....                  e - +1 pair of boots
Stlth    ..........             C - amulet of rage
HPRegen  0.33/turn              j - ring of wizardry
MPRegen  0.21/turn              L - ring of magical power

@: confused, mighty, berserking, very quick
A: breathe lightning, unfitting armour, electricity resistance, cold-blooded, AC
+7
a: Breathe Lightning, Renounce Religion, Evoke Berserk Rage


You were on level 10 of the Dungeon.
You worshipped Nemelex Xobeh.
Nemelex Xobeh was pleased with you.
You were not hungry.

You visited 2 branches of the dungeon, and saw 11 of its levels.
You also visited: Sewer and Bailey.

You collected 1199 gold pieces.

Inventory:

Hand Weapons
 f - a +0 blowgun
 p - the +8 broad axe of the Extremely Mad (weapon) {elec, Int+2}
   (You took it off a gnoll shaman in a bailey)

   Occasionally, upon striking a foe, it will discharge some electrical energy
   and cause terrible harm.
   It affects your intelligence (+2).
 r - a +4 morningstar
 u - a +1 rapier
 y - a +0 short sword of protection
 F - a +2 flail
 J - a +2 whip of electrocution
 W - a +2 scimitar of slicing
Missiles
 q - 58 poisoned needles
 s - 4 javelins
 z - 10 curare-tipped needles
 S - 5 throwing nets (quivered)
 V - 5 needles of confusion
Armour
 d - a +1 pair of gloves
 e - a +1 pair of boots (worn)
 M - a +1 pair of gloves (worn)
Jewellery
 j - a ring of wizardry (left hand)
 C - an amulet of rage (around neck)
 L - a ring of magical power (right hand)
 O - an uncursed ring of resist corrosion
 X - an uncursed ring of see invisible
Wands
 i - a wand of digging (21)
 l - a wand of random effects (19)
 E - a wand of flame (36)
 K - a wand of acid (3)
 Q - a wand of polymorph (25)
Scrolls
 k - 3 scrolls of fear
 o - a scroll of magic mapping
 v - 3 scrolls of amnesia
 H - 2 scrolls of torment
 I - 2 scrolls of fog
 P - a scroll of vulnerability
 R - a scroll of identify
 T - a scroll of remove curse
Potions
 c - a potion of mutation {unknown}
 h - 4 potions of might
 m - 2 potions of resistance
 n - 2 potions of haste {unknown}
 w - 2 potions of flight
 x - 10 potions of curing
 A - a potion of agility {unknown}
 B - 3 potions of brilliance
 N - 2 potions of cancellation {unknown}
Books
 a - a book of Frost

   Spells                             Type                      Level
   a - Freeze                         Ice                          1
   b - Throw Frost                    Conjuration/Ice              2
   c - Ozocubu's Armour               Charms/Ice                   3
   d - Throw Icicle                   Conjuration/Ice              4
   e - Summon Ice Beast               Ice/Summoning                4
Miscellaneous
 t - a phantom mirror
 G - a plain deck of escape {drawn: 1}
 U - a plain deck of destruction {drawn: 1}
Comestibles
 b - 21 rations


   Skills:
 + Level 8.0 Fighting
 * Level 5.2(5.9) Axes
 - Level 3.8(5.1) Maces & Flails
 - Level 6.0 Dodging
 - Level 2.0 Stealth
 - Level 6.0 Spellcasting
 - Level 7.0 Conjurations
 - Level 3.0 Charms
 - Level 3.0 Summonings
 - Level 7.0 Ice Magic
 - Level 3.2 Invocations
 + Level 4.2 Evocations


You had 8 spell levels left.
You knew the following spells:

 Your Spells              Type           Power        Failure   Level  Hunger
a - Freeze                Ice            ####         1%          1    None
b - Throw Frost           Conj/Ice       #####.       1%          2    None
c - Ozocubu's Armour      Chrm/Ice       ####....     1%          3    ##.....
d - Throw Icicle          Conj/Ice       #####...     2%          4    ####...
e - Summon Ice Beast      Ice/Summ       ####....     4%          4    ####...


Dungeon Overview and Level Annotations

Branches:
Dungeon (10/15)            Temple (1/1) D:6             Orc (0/2) D:10
   Lair: D:8-11

Altars:
Ashenzari
Cheibriados
Dithmenos
Elyvilon
Fedhas
Gozag
Hepliaklqana
Kikubaaqudgha
Makhleb
Nemelex Xobeh
Okawaru
Qazlal
Ru
Sif Muna
Trog
Uskayaw
Vehumet
Wu Jian
Xom
Yredelemnul
Zin
The Shining One
Jiyva

Annotations:
D:10 1 transporter


Innate Abilities, Weirdness & Mutations

You can breathe wild blasts of lightning.
Your glossy black scales are hard. (AC +7)
You cannot fit into any form of body armour.
You are resistant to electric shocks. (rElec)
You are cold-blooded and may be slowed by cold attacks.


Message History

You slice the great orb of eyes!!
The great orb of eyes is heavily wounded.
You hit the slime creature. You slash the slime creature!
The slime creature hits you.
* * * LOW HITPOINT WARNING * * *
The slime creature hits you!
* * * LOW HITPOINT WARNING * * *
The great orb of eyes barely misses you.
You closely miss the great orb of eyes.
The great orb of eyes is heavily wounded.
You slash the slime creature! You hit the slime creature.
You slash the slime creature!
The slime creature closely misses you. x2
You are too berserk!
You hit the great orb of eyes but do no damage.
You tail-slap the great orb of eyes!
The great orb of eyes is severely wounded.
You barely miss the slime creature. You closely miss the slime creature.
You slash the slime creature! x2; The slime creature hits you!
You die...
Your body disappears without a glow.

.#####..................#...#.#..
.# #.....#########....#...#.#..
.# #....### #####...#...#.#.. .#
#...####.###.####..#####.### .#
#...###..#.#..# #...........
.#####)..##........ #...[.......
.........####J$J(.####...........
........©###..J_JJ©###©..........
.........# ##.|J@G####...........
.........##©/..JJ...##...........
.........###..#.#..###...........
.........#### ###.####.........>.
..........## #####............
######.....#########.............
.....'...........................
.....#[[..###'#..................
.....#....#...#........########'#


You could see a great orb of eyes and 8 slime creatures.

Vanquished Creatures
  A two-headed ogre (D:10)
  Pikel (D:4)
  Psyche (D:9)
  A freezing wraith (D:10)
  A troll (D:9)
  A merfolk (D:9)
  2 hippogriffs
  Sigmund (D:2)
  A wyvern (D:10)
  3 yaks (D:10)
  2 wraiths (D:10)
  The ghost of Tali the Chopper, an amateur DsBe of Trog (D:4)
  A hungry ghost (D:8)
  Grum (D:9)
  Duvessa (D:6)
  A swamp drake (D:10)
  4 orc warriors (D:10)
  3 phantoms
  A sky beast (D:6)
  A necrophage (D:5)
  A slave (D:4)
  2 wolves (D:9)
  A centaur (D:8)
  5 ogres
  The ghost of raetorn the Chopper, an amateur DsGl (D:7)
  2 bullfrogs
  8 gnoll sergeants (Bailey)
  Dowan (D:6)
  3 scorpions
  8 killer bees (D:10)
  3 wights (D:6)
  3 howler monkeys
  4 jellies
  2 crimson imps
  A centaur zombie (D:5)
  8 hounds
  3 centaur skeletons
  10 orc priests
  5 gnoll shamans (Bailey)
  7 orc wizards
  2 bullfrog skeletons
  2 iguanas
  7 worker ants
  18 gnolls
  A howler monkey skeleton (D:7)
  11 river rats (Sewer)
  10 adders
  2 shadow imps
  2 oozes
  An adder zombie (D:9)
  2 adder skeletons
  A worm (D:3)
  4 dart slugs
  11 leopard geckos
  41 orcs
  12 giant cockroaches
  5 goblins
  5 hobgoblins
  9 jackals
  8 quokkas
  5 ball pythons (Sewer)
  7 bats
  6 frilled lizards
  A giant cockroach zombie (D:5)
  A jackal skeleton (D:4)
  23 kobolds
  2 quokka zombies
  25 rats
331 creatures vanquished.

Vanquished Creatures (collateral kills)
  A death knight (D:9)
  Joseph (D:9)
  A wraith (D:10)
  An orc warrior (D:10)
  A gnoll shaman (Bailey)
  4 gnolls (Bailey)
  2 orcs (D:10)
11 creatures vanquished.

Grand Total: 342 creatures vanquished

Notes
Turn   | Place    | Note
-------+----------+-------------------------------------------
     0 | D:1      | Fymir27 the Draconian Ice Elementalist began the quest for the Orb.
     0 | D:1      | Reached XP level 1. HP: 14/14 MP: 3/3
   399 | D:1      | Reached skill level 1 in Fighting
   399 | D:1      | Reached XP level 2. HP: 23/23 MP: 1/5
   798 | D:1      | Reached XP level 3. HP: 28/28 MP: 4/6
   802 | D:1      | Learned a level 2 spell: Throw Frost
   806 | D:1      | Learned a level 3 spell: Ozocubu's Armour
  1487 | D:2      | Reached skill level 2 in Fighting
  1502 | D:2      | Reached XP level 4. HP: 36/36 MP: 1/8
  2109 | D:2      | Noticed Sigmund
  2526 | D:3      | Reached XP level 5. HP: 41/42 MP: 1/9
  2600 | D:3      | Found a glowing drain.
  2627 | Sewer    | Entered a sewer
  3060 | Sewer    | Reached skill level 3 in Fighting
  3247 | Sewer    | Reached XP level 6. HP: 18/51 MP: 0/11
  4860 | D:3      | Reached skill level 4 in Fighting
  4860 | D:3      | Your scales start taking on a glossy black colour.
  4860 | D:3      | Reached XP level 7. HP: 56/59 MP: 1/13
  4860 | D:3      | Gained mutation: You are resistant to electric shocks. (rElec) [Black Draconian growth]
  4992 | D:4      | Found a radiant altar of Vehumet.
  5417 | D:4      | Reached skill level 5 in Fighting
  5706 | D:4      | Learned a level 4 spell: Throw Icicle
  5711 | D:4      | Learned a level 4 spell: Summon Ice Beast
  5986 | D:4      | Noticed Tali's ghost (amateur DsBe)
  6003 | D:4      | Killed Tali's ghost
  6003 | D:4      | Reached skill level 1 in Summonings
  6297 | D:4      | Reached XP level 8. HP: 55/68 MP: 5/14
  6429 | D:4      | Noticed Pikel
  6469 | D:4      | Killed Pikel
  6469 | D:4      | Reached skill level 5 in Ice Magic
  6527 | D:5      | Entered Level 5 of the Dungeon
  6530 | D:5      | Reached skill level 5 in Spellcasting
  6960 | D:5      | Reached skill level 1 in Maces & Flails
  6960 | D:5      | Reached skill level 1 in Charms
  7263 | D:5      | Reached XP level 9. HP: 72/74 MP: 16/16
  7829 | D:6      | Found a staircase to the Ecumenical Temple.
  7841 | Temple   | Entered the Ecumenical Temple
  8040 | Temple   | Became a worshipper of Nemelex Xobeh the Trickster
  8058 | D:6      | Noticed Dowan
  8061 | D:6      | Noticed Duvessa
  8072 | D:6      | Killed Dowan
  8072 | D:6      | Reached skill level 5 in Conjurations
  8078 | D:6      | Killed Duvessa
  8092 | D:6      | Received a gift from Nemelex Xobeh
  8642 | D:6      | Reached skill level 1 in Invocations
  8740 | D:7      | Reached * piety under Nemelex Xobeh
  8893 | D:7      | Reached skill level 6 in Fighting
  8980 | D:7      | Received a gift from Nemelex Xobeh
  9092 | D:7      | Noticed raetorn's ghost (amateur DsGl)
  9099 | D:7      | Killed raetorn's ghost
  9354 | D:8      | Reached skill level 5 in Dodging
  9848 | D:8      | Noticed a two-headed ogre
 10750 | D:9      | Reached ** piety under Nemelex Xobeh
 10752 | D:9      | Noticed a two-headed ogre
 10756 | D:9      | Noticed a merfolk
 10756 | D:9      | a two-headed ogre changed into a merfolk
 10760 | D:9      | Killed a merfolk
 10790 | D:9      | Noticed Grum
 10914 | D:9      | Killed Grum
 10919 | D:9      | Reached XP level 10. HP: 52/84 MP: 15/18
 11053 | D:9      | Received a gift from Nemelex Xobeh
 11134 | D:9      | Reached skill level 1 in Evocations
 11193 | D:9      | Noticed Joseph
 11653 | D:9      | Noticed Psyche
 12034 | D:10     | Entered Level 10 of the Dungeon
 12052 | D:10     | Found a flagged portal.
 12061 | Bailey   | Entered a bailey
 12728 | Bailey   | Got a jewelled broad axe {elec}
 13147 | D:10     | Identified the +8 broad axe of the Extremely Mad {elec, Int+2} (You took it off a gnoll shaman in a bailey)
 13298 | D:10     | Reached skill level 1 in Axes
 13346 | D:10     | Reached *** piety under Nemelex Xobeh
 13356 | D:10     | Found a transporter.
 13365 | D:10     | Noticed a death knight
 13550 | D:10     | Reached skill level 7 in Fighting
 13839 | D:9      | Killed a death knight
 13894 | D:9      | Killed Psyche
 14136 | D:9      | Killed Joseph
 14515 | D:2      | Killed Sigmund
 15061 | D:10     | Noticed a two-headed ogre
 15069 | D:10     | Killed a two-headed ogre
 15069 | D:10     | Reached XP level 11. HP: 92/92 MP: 20/20
 15186 | D:10     | Received a gift from Nemelex Xobeh
 15256 | D:10     | Found a viscous altar of Jiyva.
 15511 | D:10     | Reached skill level 5 in Axes
 15522 | D:10     | Reached skill level 8 in Fighting
 15567 | D:10     | Found a staircase to the Orcish Mines.
 16172 | D:10     | Found a transporter.
 16173 | D:10     | Noticed a great orb of eyes
 16186 | D:10     | Slain by a slime creature

Skill      XL: |  1  2  3  4  5  6  7  8  9 10 11 |
---------------+----------------------------------+-----
Fighting       | 1 2 3 4 5 6 7 8 |  8.0
Spellcasting   | 3 4 5 6 |  6.0
Conjurations   | 2 3 4 5 6 7 |  7.0
Ice Magic      | 4 5 6 7 |  7.0
Dodging        | 2 3 4 5 6 |  6.0
Summonings     | 1 3 |  3.0
Maces & Flails | 1 3 |  3.8
Charms         | 1 2 3 |  3.0
Stealth        | 2 |  2.0
Invocations    | 2 3 |  3.2
Evocations     | 3 4 |  4.2
Axes           | 3 5 |  5.2

Action                   |  1- 3 |  4- 6 |  7- 9 | 10-12 || total
-------------------------+-------+-------+-------+-------++-------
Melee: Unarmed           |    18 |       |       |       ||    18
       Whip              |    14 |       |    41 |       ||    55
       Mace              |     4 |    97 |    55 |       ||   156
       Tailslap          |     2 |     6 |    17 |    18 ||    43
       Rapier            |       |       |    11 |       ||    11
       Morningstar       |       |       |    39 |    35 ||    74
       Broad axe         |       |       |       |   113 ||   113
Throw: Javelin           |       |       |     9 |       ||     9
       Throwing net      |       |       |     1 |     5 ||     6
 Cast: Freeze            |    49 |   172 |   207 |    78 ||   506
       Throw Frost       |       |    13 |    56 |    43 ||   112
       Ozocubu's Armour  |       |     5 |    29 |    23 ||    57
       Summon Ice Beast  |       |       |     1 |     8 ||     9
       Throw Icicle      |       |       |       |     5 ||     5
 Abil: Breathe Lightning |       |       |    11 |     5 ||    16
       Evoke Berserk Rag |       |       |     1 |    11 ||    12
Evoke: Wand              |       |       |    11 |     3 ||    14
       Deck              |       |       |     9 |     5 ||    14
       Phantom mirror    |       |       |       |     2 ||     2
  Use: Scroll            |     2 |     6 |    13 |    12 ||    33
       Potion            |       |     2 |     2 |     9 ||    13
 Stab: Sleeping          |     7 |     2 |     3 |     4 ||    16
       Distracted        |     1 |       |       |       ||     1
       Held in net/web   |       |       |       |     1 ||     1
  Eat: Chunk             |     2 |     9 |    16 |    18 ||    45
       Ration            |       |     1 |     3 |     4 ||     8
Armor: Skin              |    32 |   135 |   166 |   133 ||   466
Dodge: Dodged            |    70 |   187 |   254 |   309 ||   820
